 Dungeon Crawl Stone Soup version 0.21.0-25-ge575cb9 (webtiles) character file.

27396 manyhoops the Covert (level 13, -1/90 HPs)
             Began as a Gnoll Wanderer on Jan 14, 2018.
             Was an Elder of Hepliaklqana.
             Slain by a six-headed hydra (9 damage)
             ... on level 3 of the Lair of Beasts on Jan 24, 2018.
             The game lasted 00:35:42 (18459 turns).

manyhoops the Covert (Gnoll Wanderer)              Turns: 18459, Time: 00:35:43

Health: -1/90      AC: 15    Str: 19    XL:     13   Next: 32%
Magic:  25/25      EV: 16    Int: 11    God:    Hepliaklqana [****..]
Gold:   1039       SH:  7    Dex: 21    Spells: 20/29 levels left

rFire    . . .     SeeInvis .   A - +2 flail (crush)
rCold    + + .     Gourm    +   i - +0 buckler
rNeg     . . .     Faith    .   O - +1 scale mail of Mabb {rPois rC+}
rPois    +         Spirit   .   v - +0 helmet
rElec    .         Reflect  .   l - +0 cloak
rCorr    .         Harm     .   h - +0 pair of gloves
MR       ++...                  u - +1 pair of boots
Stlth    +++.......             J - amulet of the gourmand
HPRegen  0.25/turn              e - ring of protection from magic
MPRegen  0.19/turn              F - ring of protection from cold

@: no status effects
A: distributed training, reduced essence, fangs 1, agile 2, dopey 1, magic
resistance 1, strong nose
a: Recall Ancestor, Ancestor Identity, Transference, Idealise, Renounce Religion


You were on level 3 of the Lair of Beasts.
You worshipped Hepliaklqana.
Hepliaklqana was greatly pleased with you.
You were very full.

You visited 3 branches of the dungeon, and saw 15 of its levels.

You collected 1129 gold pieces.
You spent 90 gold pieces at shops.

Inventory:

Hand Weapons
 j - a +0 hunting sling
 A - a +2 flail of crushing (weapon)
 B - a +1 dagger of venom
 N - a +2 falchion of flaming
Missiles
 b - 3 throwing nets (quivered)
 k - 380 stones
 o - 49 sling bullets
Armour
 h - a +0 pair of gloves (worn)
 i - a +0 buckler (worn)
 l - a +0 cloak (worn)
 u - a +1 pair of boots (worn)
 v - a +0 helmet (worn)
 O - the +1 scale mail of Mabb (worn) {rPois rC+}
   (You found it on level 8 of the Dungeon)

   It protects you from cold.
   It protects you from poison.
Magical Staves
 U - an uncursed staff of wizardry
Jewellery
 e - a ring of protection from magic (left hand)
 w - an uncursed amulet of magic regeneration
 x - an uncursed ring of fire
 z - an uncursed ring of ice
 F - a ring of protection from cold (right hand)
 J - an amulet of the gourmand (around neck)
 W - an uncursed ring of fire
Wands
 d - a wand of iceblast (3)
 q - a wand of flame (59)
 s - a wand of digging (10)
 C - a wand of polymorph (27)
 E - a wand of paralysis (4)
 G - a wand of random effects (35)
 K - a wand of enslavement (12)
 P - a wand of acid (9)
 R - a wand of disintegration (14)
Scrolls
 c - 2 scrolls of teleportation
 f - 2 scrolls of immolation
 m - a scroll of magic mapping
 n - 3 scrolls of enchant armour
 p - 2 scrolls of blinking
 r - 4 scrolls of enchant weapon
 y - 8 scrolls of remove curse
 H - 2 scrolls of fear
 L - 2 scrolls of identify
 V - a scroll of fog
Potions
 a - 4 potions of flight
 t - 2 potions of degeneration
 M - a potion of magic
 Q - a potion of mutation
 S - 2 potions of might
 T - a potion of agility {unknown}
 X - a potion of haste
Books
 D - Conwox's Disquisition on Gliding Poisoning
   (You found it on level 11 of the Dungeon)

   Spells                             Type                      Level
   a - Sting                          Conjuration/Poison           1
   b - Spider Form                    Transmutation/Poison         3
   c - Summon Lightning Spire         Summoning/Air                4
   d - Deflect Missiles               Charms/Air                   6
   e - Conjure Ball Lightning         Conjuration/Air              6
Miscellaneous
 I - a phantom mirror
Comestibles
 g - 31 rations


   Skills:
 + Level 9.3 Fighting
 + Level 8.0 Short Blades
 + Level 8.0 Long Blades
 + Level 8.0 Axes
 + Level 8.0 Maces & Flails
 + Level 8.0 Polearms
 + Level 8.0 Staves
 + Level 8.0 Slings
 + Level 8.0 Bows
 + Level 8.0 Crossbows
 + Level 8.0 Throwing
 + Level 8.0 Armour
 + Level 8.5 Dodging
 + Level 10.0 Stealth
 + Level 8.0 Shields
 + Level 8.0 Unarmed Combat
 + Level 8.6 Spellcasting
 + Level 6.7 Conjurations
 + Level 6.7 Hexes
 + Level 6.7 Charms
 + Level 6.7 Summonings
 + Level 6.7 Necromancy
 + Level 7.8 Translocations
 + Level 6.7 Transmutations
 + Level 6.7 Fire Magic
 + Level 6.7 Ice Magic
 + Level 6.7 Air Magic
 + Level 6.7 Earth Magic
 + Level 6.7 Poison Magic
 + Level 8.8 Invocations
 + Level 8.5 Evocations


You had 20 spell levels left.
You knew the following spells:

 Your Spells              Type           Power        Failure   Level  Hunger
a - Ensorcelled Hibernat  Hex/Ice        ###...       3%          2    #......
b - Confuse               Hex            ###.....     8%          3    ##.....
c - Corona                Hex            ###....      2%          1    None
d - Tukima's Dance        Hex            ###.....     8%          3    ##.....


Dungeon Overview and Level Annotations

Branches:
Dungeon (11/15)            Temple (0/1) D:7            Lair (3/6) D:11
  Swamp (0/4) Lair:2        Snake (0/4) Lair:3          Orc (1/2) D:9

Altars:
Cheibriados
Hepliaklqana
Okawaru
Qazlal
Uskayaw
Vehumet
Wu Jian
Xom
Zin

Shops:
D:10 (

Annotations:
Orc:1 Josephine


Innate Abilities, Weirdness & Mutations

Your experience applies equally to all skills.
You have very sharp teeth.
Your uncanny sense of smell can sniff out nearby items.
Your life essence is reduced to manifest your ancestor. (-10% HP)
You are very agile. (Dex +4)
You are dopey. (Int -2)
You are resistant to hostile enchantments. (MR+)


Message History

Anything else - Cancel.
Gang up on whom?
Press: ? - help, Dir - move target cursor, f/p - blink frog
Aim: a blink frog (moderately wounded) Attack!
The blink frog blinks!
The blink frog blinks!
A six-headed hydra comes into view. Æðelind points at the blink frog and mumbles some strange words.
The blink frog easily resists.
A blink frog comes into view.
There is an escape hatch in the ceiling here.
The six-headed hydra bites you.
* * * LOW HITPOINT WARNING * * *
The six-headed hydra bites you.
* * * LOW HITPOINT WARNING * * *
The six-headed hydra barely misses you. The six-headed hydra bites you!
* * * LOW HITPOINT WARNING * * *
The six-headed hydra closely misses you.
The six-headed hydra bites you!
You die...

###.#.##..#.##.......#......
...........##....#.....###..
...........#...##.##.......P
..........##...#...##..8....
........##....##....###....#
......PP###...#....##.#..#.#
.........##...#..F..........
.#.....###.DR#..............
.........#.@F...............
..#.#....#.......#.##.#..#.P
..........####..............
..........##..####........
...........#.####.#.......
..........................
..######..#........#.##.P#.
....#####.#..........#...P.
.......<.........)........P


You could see the friendly Æðelind the hexer, a six-headed hydra and 2 blink
frogs.

Vanquished Creatures
  A hydra (D:11)
  2 centaur warriors (D:11)
  2 two-headed ogres (D:11)
  The ghost of zhorgal the Caller, a novice DgSu (D:9)
  An unseen horror (D:11)
  A wolf spider (D:11)
  A guardian serpent (Lair:3)
  Joseph (D:10)
  A black mamba (Lair:1)
  A centaur zombie (D:11)
  3 gargoyles
  The ghost of Monsterracer the Insei, a novice DsTm (D:5)
  A kobold demonologist (D:11)
  A freezing wraith (D:11)
  5 komodo dragons
  A polar bear (Lair:2)
  4 trolls (D:11)
  5 hornets
  8 blink frogs
  2 hippogriffs
  Prince Ribbit (D:9)
  2 shadows
  27 yaks
  A water moccasin (Lair:2)
  A swamp worm (Lair:2)
  Duvessa (D:4)
  4 ice beasts
  8 porcupines
  A black bear (D:10)
  5 sky beasts
  A phantom (D:9)
  2 orc warriors
  4 wolves (Lair:2)
  5 ogres
  2 centaurs
  2 crocodiles
  2 big kobolds (D:11)
  8 bullfrogs
  Dowan (D:4)
  A scorpion (D:6)
  8 wights
  2 jellies
  2 howler monkeys
  4 crimson imps
  2 quasits (D:10)
  A bullfrog skeleton (D:9)
  6 hounds
  2 centaur skeletons
  4 orc priests
  15 orc wizards
  2 iguanas
  Terence (D:3)
  5 worker ants
  A hound zombie (D:4)
  2 hound skeletons
  A worker ant zombie (D:11)
  3 gnolls (D:8)
  12 adders
  A shadow imp (D:5)
  An ooze (D:6)
  3 worms
  3 leopard geckos
  29 orcs
  6 giant cockroaches
  6 goblins
  8 hobgoblins
  4 jackals
  12 kobolds
  2 quokkas
  2 ball pythons
  4 bats
  3 frilled lizards (D:1)
  A leopard gecko skeleton (D:7)
  9 rats
  A butterfly (Lair:2)
290 creatures vanquished.

Vanquished Creatures (collateral kills)
  2 two-headed ogres
  2 manticores (D:11)
  2 blink frogs
  A wraith (D:9)
  6 yaks
  A hungry ghost (D:11)
  A porcupine (Lair:1)
  An orc warrior (D:9)
  An ogre (D:11)
  2 centaurs
  2 crocodiles
  A scorpion (D:11)
  2 electric eels (Lair:2)
  3 wights (D:8)
  3 howler monkeys (D:8)
  A bullfrog zombie (D:6)
  A hound (D:11)
  An iguana (D:9)
  An orc wizard (D:7)
  A worker ant (D:9)
  A gnoll (D:8)
  An adder (D:8)
  An orc (D:7)
  2 jackals (D:8)
  A quokka skeleton (D:8)
  2 butterflies (Lair:2)
43 creatures vanquished.

Vanquished Creatures (others)
  A dancing weapon (D:11)
  14 hexers
  A fungus (Lair:1)
  11 plants (D:11)
27 creatures vanquished.

Grand Total: 360 creatures vanquished

Notes
Turn   | Place    | Note
-------+----------+-------------------------------------------
     0 | D:1      | manyhoops the Gnoll Wanderer began the quest for the Orb.
     0 | D:1      | manyhoops set off with: a +0 leather armour, 4 throwing nets, a scroll of teleportation, a potion of lignification, a +0 club, a +0 dagger, a ration
     0 | D:1      | Reached XP level 1. HP: 20/20 MP: 4/4
    75 | D:1      | Reached XP level 2. HP: 16/26 MP: 5/5
   634 | D:1      | Reached XP level 3. HP: 26/31 MP: 7/7
   925 | D:2      | Reached skill level 6 in Stealth
   925 | D:2      | Reached skill level 1 in Invocations
  1438 | D:2      | Reached skill level 1 in Short Blades
  1438 | D:2      | Reached skill level 1 in Long Blades
  1438 | D:2      | Reached skill level 1 in Axes
  1438 | D:2      | Reached skill level 1 in Maces & Flails
  1438 | D:2      | Reached skill level 1 in Polearms
  1438 | D:2      | Reached skill level 1 in Staves
  1438 | D:2      | Reached skill level 1 in Slings
  1438 | D:2      | Reached skill level 1 in Bows
  1438 | D:2      | Reached skill level 1 in Crossbows
  1438 | D:2      | Reached skill level 1 in Throwing
  1438 | D:2      | Reached skill level 1 in Armour
  1438 | D:2      | Reached skill level 1 in Shields
  1438 | D:2      | Reached skill level 1 in Unarmed Combat
  1720 | D:2      | You fall through a shaft for 2 floors!
  1732 | D:4      | Reached XP level 4. HP: 27/38 MP: 8/8
  1749 | D:4      | Reached skill level 1 in Conjurations
  1749 | D:4      | Reached skill level 1 in Hexes
  1749 | D:4      | Reached skill level 1 in Charms
  1749 | D:4      | Reached skill level 1 in Summonings
  1749 | D:4      | Reached skill level 1 in Necromancy
  1749 | D:4      | Reached skill level 1 in Transmutations
  1749 | D:4      | Reached skill level 1 in Fire Magic
  1749 | D:4      | Reached skill level 1 in Ice Magic
  1749 | D:4      | Reached skill level 1 in Air Magic
  1749 | D:4      | Reached skill level 1 in Earth Magic
  1749 | D:4      | Reached skill level 1 in Poison Magic
  1752 | D:4      | Reached XP level 5. HP: 22/43 MP: 9/9
  1948 | D:3      | Noticed Terence
  1973 | D:3      | Killed Terence
  2466 | D:3      | Found an iron altar of Okawaru.
  2668 | D:2      | Noticed a sky beast
  2681 | D:2      | Killed a sky beast
  2681 | D:2      | Reached XP level 6. HP: 40/50 MP: 9/11
  2977 | D:4      | Reached skill level 5 in Fighting
  3167 | D:4      | Noticed Duvessa
  3423 | D:4      | Killed Duvessa
  3423 | D:4      | Reached XP level 7. HP: 30/56 MP: 12/12
  3427 | D:4      | Noticed Dowan
  3528 | D:4      | Killed Dowan
  4142 | D:5      | Entered Level 5 of the Dungeon
  4185 | D:5      | Reached XP level 8. HP: 41/63 MP: 12/14
  4296 | D:5      | Noticed Monsterracer's ghost (novice DsTm)
  4323 | D:5      | Killed Monsterracer's ghost
  4474 | D:5      | Learned a level 2 spell: Ensorcelled Hibernation
  4722 | D:5      | Found a hazy altar of Hepliaklqana.
  4876 | D:5      | Reached skill level 7 in Stealth
  5262 | D:5      | Became a worshipper of Hepliaklqana the Forgotten
  5342 | D:6      | Reached XP level 9. HP: 42/62 MP: 16/16
  5640 | D:6      | Reached skill level 5 in Translocations
  5646 | D:6      | You fall through a shaft!
  5878 | D:6      | Reached * piety under Hepliaklqana
  5892 | D:6      | Found a shimmering altar of Xom.
  6008 | D:7      | Found a stormy altar of Qazlal.
  6049 | D:7      | Reached skill level 5 in Spellcasting
  6129 | D:7      | Found a staircase to the Ecumenical Temple.
  6168 | D:7      | Reached skill level 5 in Dodging
  6168 | D:7      | Reached skill level 5 in Evocations
  6496 | D:7      | Found an ornate altar of the Wu Jian Council.
  7036 | D:8      | Found a snail-covered altar of Cheibriados.
  7112 | D:8      | Reached ** piety under Hepliaklqana
  7165 | D:8      | Remembered your ancestor Æðelind as a hexer
  7233 | D:8      | Reached skill level 5 in Invocations
  7558 | D:8      | Got a heavily runed scale mail
  7569 | D:8      | Identified the cursed +1 scale mail of Mabb {rPois rC+} (You found it on level 8 of the Dungeon)
  7632 | D:8      | Found a hide-covered altar of Uskayaw.
  7718 | D:9      | Reached XP level 10. HP: 62/69 MP: 18/18
  7749 | D:9      | Reached skill level 5 in Short Blades
  7749 | D:9      | Reached skill level 5 in Long Blades
  7749 | D:9      | Reached skill level 5 in Axes
  7749 | D:9      | Reached skill level 5 in Maces & Flails
  7749 | D:9      | Reached skill level 5 in Polearms
  7749 | D:9      | Reached skill level 5 in Staves
  7749 | D:9      | Reached skill level 5 in Slings
  7749 | D:9      | Reached skill level 5 in Bows
  7749 | D:9      | Reached skill level 5 in Crossbows
  7749 | D:9      | Reached skill level 5 in Throwing
  7749 | D:9      | Reached skill level 5 in Armour
  7749 | D:9      | Reached skill level 5 in Shields
  7749 | D:9      | Reached skill level 5 in Unarmed Combat
  7754 | D:9      | Learned a level 3 spell: Confuse
  7905 | D:9      | Learned a level 1 spell: Corona
  7920 | D:9      | Noticed Prince Ribbit
  7947 | D:9      | Noticed a two-headed ogre
  7952 | D:9      | Learned a level 3 spell: Tukima's Dance
  7959 | D:9      | Killed a two-headed ogre
  8034 | D:9      | Found a radiant altar of Vehumet.
  8063 | D:9      | Killed Prince Ribbit
  8063 | D:9      | Reached skill level 8 in Stealth
  8111 | D:9      | Found Zin's Purification Station.
  8111 | D:9      | Found a glowing silver altar of Zin.
  8115 | D:9      | Bought a potion of curing for 90 gold pieces
  8167 | D:9      | Noticed zhorgal's ghost (novice DgSu)
  8205 | D:9      | Killed zhorgal's ghost
  8407 | D:9      | Found a staircase to the Orcish Mines.
  8698 | Orc:1    | Entered Level 1 of the Orcish Mines
  8698 | Orc:1    | Noticed Josephine
  8742 | D:10     | Entered Level 10 of the Dungeon
  8742 | D:10     | Found Giefut's Weapon Boutique.
  8870 | D:10     | Reached XP level 11. HP: 35/75 MP: 20/20
  9458 | D:10     | Gained mutation: You are dopey. (Int -2) [potion of mutation]
  9458 | D:10     | Gained mutation: You are resistant to hostile enchantments. (MR+) [potion of mutation]
  9458 | D:10     | Gained mutation: You are agile. (Dex +2) [potion of mutation]
  9458 | D:10     | Gained mutation: You are very agile. (Dex +4) [potion of mutation]
  9521 | D:10     | Noticed Joseph
  9536 | D:10     | Killed Joseph
  9536 | D:10     | Reached skill level 5 in Conjurations
  9536 | D:10     | Reached skill level 5 in Hexes
  9536 | D:10     | Reached skill level 5 in Charms
  9536 | D:10     | Reached skill level 5 in Summonings
  9536 | D:10     | Reached skill level 5 in Necromancy
  9536 | D:10     | Reached skill level 5 in Transmutations
  9536 | D:10     | Reached skill level 5 in Fire Magic
  9536 | D:10     | Reached skill level 5 in Ice Magic
  9536 | D:10     | Reached skill level 5 in Air Magic
  9536 | D:10     | Reached skill level 5 in Earth Magic
  9536 | D:10     | Reached skill level 5 in Poison Magic
  9693 | D:10     | Paralysed by a hornet for 3 turns
 10002 | D:10     | Paralysed by a hornet for 3 turns
 10937 | D:11     | Found a staircase to the Lair.
 10955 | D:11     | Found a snail-covered altar of Cheibriados.
 11047 | D:11     | Reached *** piety under Hepliaklqana
 11048 | D:11     | Noticed a two-headed ogre
 11049 | D:11     | Killed a two-headed ogre
 11447 | D:11     | Identified Conwox's Disquisition on Gliding Poisoning
 11474 | D:11     | Got a shimmering ring mail
 11493 | D:11     | Identified the +2 ring mail of Racej {MR- rCorr Stlth+} (You found it on level 11 of the Dungeon)
 11591 | D:11     | Got a fabulously ornate robe
 11602 | D:11     | Identified the +0 robe of Music {+Blink rN+ MR- rCorr} (You found it on level 11 of the Dungeon)
 11861 | D:11     | Paralysed by a hornet for 3 turns
 11879 | D:11     | Reached skill level 9 in Stealth
 12036 | D:11     | Noticed a centaur warrior
 12037 | D:11     | Noticed an eight-headed hydra
 12040 | D:11     | Noticed a manticore
 12047 | D:11     | Killed a centaur warrior
 12049 | D:11     | Killed an eight-headed hydra
 12049 | D:11     | Reached XP level 12. HP: 17/83 MP: 21/23
 12834 | D:11     | Noticed a centaur warrior
 12851 | D:11     | Killed a centaur warrior
 13371 | D:11     | Noticed a two-headed ogre
 13371 | D:11     | Noticed a two-headed ogre
 13775 | D:11     | Killed a two-headed ogre
 14184 | D:11     | Killed a two-headed ogre
 14418 | Lair:1   | Entered Level 1 of the Lair of Beasts
 15631 | Lair:1   | Upgraded the game from 0.21.0-3-g78d12a8 to 0.21.0-25-ge575cb9
 16070 | Lair:1   | Reached XP level 13. HP: 77/90 MP: 25/25
 17038 | Lair:1   | Found a glowing silver altar of Zin.
 17474 | Lair:2   | Reached skill level 10 in Stealth
 17817 | Lair:2   | Found a staircase to the Swamp.
 18208 | Lair:3   | Reached **** piety under Hepliaklqana
 18233 | Lair:3   | Found a staircase to the Snake Pit.
 18459 | Lair:3   | Slain by a six-headed hydra

Skill      XL: |  1  2  3  4  5  6  7  8  9 10 11 12 13 |
---------------+----------------------------------------+-----
Stealth        | 6 7 8 9 10 | 10.0
Invocations    | 1 2 3 4 5 6 7 8 |  8.8
Short Blades   | 1 2 3 4 5 6 7 8 |  8.0
Long Blades    | 1 2 3 4 5 6 7 8 |  8.0
Axes           | 1 2 3 4 5 6 7 8 |  8.0
Maces & Flails | 1 2 3 4 5 6 7 8 |  8.0
Polearms       | 1 2 3 4 5 6 7 8 |  8.0
Staves         | 1 2 3 4 5 6 7 8 |  8.0
Slings         | 1 2 3 4 5 6 7 8 |  8.0
Bows           | 1 2 3 4 5 6 7 8 |  8.0
Crossbows      | 1 2 3 4 5 6 7 8 |  8.0
Throwing       | 1 2 3 4 5 6 7 8 |  8.0
Armour         | 1 2 3 4 5 6 7 8 |  8.0
Shields        | 1 2 3 4 5 6 7 8 |  8.0
Unarmed Combat | 1 2 3 4 5 6 7 8 |  8.0
Spellcasting   | 3 4 5 6 7 8 |  8.6
Conjurations   | 1 2 3 4 5 6 |  6.7
Hexes          | 1 2 3 4 5 6 |  6.7
Charms         | 1 2 3 4 5 6 |  6.7
Summonings     | 1 2 3 4 5 6 |  6.7
Necromancy     | 1 2 3 4 5 6 |  6.7
Transmutations | 1 2 3 4 5 6 |  6.7
Fire Magic     | 1 2 3 4 5 6 |  6.7
Ice Magic      | 1 2 3 4 5 6 |  6.7
Air Magic      | 1 2 3 4 5 6 |  6.7
Earth Magic    | 1 2 3 4 5 6 |  6.7
Poison Magic   | 1 2 3 4 5 6 |  6.7
Dodging        | 3 4 5 6 7 8 |  8.5
Translocations | 4 5 6 7 |  7.8
Evocations     | 3 4 5 6 7 8 |  8.5
Fighting       | 5 6 7 8 9 |  9.3

Action                   |  1- 3 |  4- 6 |  7- 9 | 10-12 | 13-15 || total
-------------------------+-------+-------+-------+-------+-------++-------
Melee: Club              |   143 |       |       |       |       ||   143
       Bite              |     9 |    28 |    37 |    88 |    27 ||   189
       Mace              |     5 |    74 |       |       |       ||    79
       Flail             |       |    91 |   190 |   512 |   153 ||   946
       Punch             |       |     1 |     9 |    22 |     1 ||    33
       Morningstar       |       |       |    69 |       |       ||    69
       Unarmed           |       |       |    73 |       |       ||    73
       Falchion          |       |       |       |    15 |       ||    15
       Dagger            |       |       |       |     4 |     2 ||     6
 Fire: Hunting sling     |       |     3 |    22 |       |       ||    25
Throw: Throwing net      |       |     1 |       |       |       ||     1
 Cast: Ensorcelled Hiber |       |       |       |     5 |       ||     5
       Tukima's Dance    |       |       |       |    13 |       ||    13
       Corona            |       |       |       |     2 |       ||     2
Invok: Ancestor Life: He |       |       |     1 |       |       ||     1
       Recall Ancestor   |       |       |       |     1 |     1 ||     2
Evoke: Wand              |       |       |       |    14 |       ||    14
  Use: Potion            |     3 |     1 |     7 |     9 |       ||    20
       Scroll            |       |     6 |     4 |    15 |     1 ||    26
 Stab: Sleeping          |    11 |     5 |     4 |    11 |     2 ||    33
       Distracted        |       |       |     3 |     9 |     3 ||    15
       Confused          |       |       |     1 |     4 |     1 ||     6
  Eat: Chunk             |     3 |     5 |    25 |    32 |     8 ||    73
Armor: Leather armour    |    37 |     7 |       |       |       ||    44
       Skin              |    23 |       |       |       |       ||    23
       Ring mail         |       |    43 |       |       |       ||    43
       Scale mail        |       |    12 |   149 |   239 |    42 ||   442
Dodge: Dodged            |   133 |   115 |   196 |   465 |   118 ||  1027
Block: Buckler           |       |       |       |       |    45 ||    45
       Rpst.: Falchion   |       |       |       |     3 |       ||     3
